 Dungeon Crawl Stone Soup version 0.20-a0-991-g93344ec (webtiles) character file.

350 Ordine the Insei (level 6, 0/38 HPs)
             Began as an Octopode Transmuter on Apr 11, 2017.
             Succumbed to a scorpion's poison
             ... on level 4 of the Dungeon.
             The game lasted 00:08:59 (4559 turns).

Ordine the Insei (Octopode Transmuter)              Turns: 4559, Time: 00:08:59

Health: 0/38       AC:  1    Str:  9    XL:     6   Next: 61%
Magic:  3/12       EV: 13    Int: 18    God:
Gold:   215        SH:  0    Dex: 12    Spells: 5/13 levels left

rFire    . . .     SeeInvis .     - Unarmed
rCold    . . .     Gourm    .   (no shield)
rNeg     . . .     Faith    .   (helmet restricted)
rPois    .         Spirit   .   (no amulet)
rElec    .         Reflect  .   (no ring)
rCorr    .         Harm     .   (no ring)
MR       .....                  (no ring)
Stlth    +++.......             (no ring)
Regen    0.2/turn               (no ring)
MPRegen  0.2/turn               (no ring)
                                (no ring)
                                (no ring)

@: lethally poisoned (0 -> -7), very slightly contaminated
A: almost no armour, stealthy swim, amphibious, 8 rings, constrict 8, camouflage
1, gelatinous body 1
a: no special abilities


You were on level 4 of the Dungeon.
You were hungry.

You visited 1 branch of the dungeon, and saw 4 of its levels.

You collected 215 gold pieces.

Inventory:

Missiles
 e - 16 poisoned needles
 g - 4 curare-tipped needles
 h - 45 stones (quivered)
 j - 3 javelins
 n - 7 tomahawks
Scrolls
 f - 2 scrolls of remove curse
Potions
 k - a potion of haste
 l - a potion of flight
Books
 b - a book of Changes

   Spells                             Type                      Level
   a - Beastly Appendage              Transmutation                1
   b - Sticks to Snakes               Transmutation                2
   c - Spider Form                    Transmutation/Poison         3
   d - Ice Form                       Ice/Transmutation            4
   e - Blade Hands                    Transmutation                5
Comestibles
 a - a chunk of flesh
 c - 3 bread rations
 d - 3 royal jellies
 i - 8 fruits
 m - 2 meat rations


   Skills:
 - Level 1.0 Fighting
 - Level 2.0 Dodging
 + Level 3.8 Stealth
 + Level 4.2 Unarmed Combat
 * Level 4.2 Spellcasting
 + Level 3.3 Transmutations


You had 5 spell levels left.
You knew the following spells:

 Your Spells              Type           Power        Failure   Level  Hunger
a - Beastly Appendage     Tmut           ###...       4%          1    None
b - Spider Form           Tmut/Pois      #.........   24%         3    ###....
c - Ice Form              Ice/Tmut       #.......     78%         4    ####...


Dungeon Overview and Level Annotations

Branches:
Dungeon (4/15)
 Temple: D:4-7

Altars:
Uskayaw


Innate Abilities, Weirdness & Mutations

You cannot wear most types of armour.
You are very stealthy in the water. (Stealth+)
You are amphibious.
You can wear up to eight rings at the same time.
You can use your tentacles to constrict eight enemies at once.
Your skin changes colour to match your surroundings (Stealth+).
Your rubbery body absorbs attacks. (AC +1, EV +1)


Message History

Confirm with . or Enter, or press ? or * to list all spells.
The spell is very dangerous to cast!
Continue anyway?
You miscast Ice Form.
You feel uncomfortably cold.
* * * LOW HITPOINT WARNING * * *
You feel sick.
Casting: Ice Form
Confirm with . or Enter, or press ? or * to list all spells.
You don't have enough magic to cast that spell.
* * * LOW HITPOINT WARNING * * *
You feel sick.
* * * LOW HITPOINT WARNING * * *
You feel sick.
Are you sure you want to abandon this character and quit the game? (Confirm with "yes".)
Okay, then.
Your transformation has ended.
* * * LOW HITPOINT WARNING * * *
You feel sick.
* * * LOW HITPOINT WARNING * * *
You feel sick.
You die...

...##...#
....>...####...
...###.....h...
##†####h.. ##.#
#..# #.## #.#
########
#@######......#
#.#......####.#
#.#.###.<####.#
#.#.# #.....#.####
#...###..##.......
###......####.####
######......#
########


There were no monsters in sight!

Vanquished Creatures
  A phantom (D:4)
  A scorpion (D:4)
  A hound (D:4)
  A worker ant (D:4)
  A howler monkey skeleton (D:3)
  7 adders
  2 oozes
  4 worms (D:3)
  2 dart slugs
  A leopard gecko (D:2)
  An orc (D:3)
  3 giant cockroaches
  5 goblins
  6 hobgoblins
  8 jackals
  9 kobolds
  2 quokkas (D:2)
  9 bats
  A frilled lizard (D:1)
  A leopard gecko skeleton (D:3)
  5 rats
  A plant (D:2)
72 creatures vanquished.

Notes
Turn   | Place    | Note
-------+----------+-------------------------------------------
     0 | D:1      | Ordine the Octopode Transmuter began the quest for the Orb.
     0 | D:1      | Reached XP level 1. HP: 13/13 MP: 3/3
   327 | D:1      | Reached XP level 2. HP: 9/18 MP: 5/5
   988 | D:2      | Found a hide-covered altar of Uskayaw.
   988 | D:2      | Noticed a hand axe
   989 | D:2      | Noticed a dagger
  1143 | D:2      | Reached XP level 3. HP: 16/23 MP: 7/7
  1392 | D:2      | Learned a level 3 spell: Spider Form
  1459 | D:2      | Reached skill level 1 in Stealth
  1784 | D:2      | Reached XP level 4. HP: 14/28 MP: 8/8
  2947 | D:3      | Reached XP level 5. HP: 20/33 MP: 9/9
  4170 | D:4      | Noticed a phantom
  4178 | D:3      | Learned a level 4 spell: Ice Form
  4217 | D:4      | Killed a phantom
  4217 | D:4      | Reached XP level 6. HP: 10/38 MP: 11/11
  4558 | D:4      | HP: 1/38 [poisoned by a scorpion]
  4559 | D:4      | Succumbed to a scorpion's poison

Vault maps used:
D:1:      tarquinn_simple_flora_water_d, hangedman_glass_teeth
D:2:      dancing_weapons_uskayaw, guppyfry_early_lair_pool
D:3:      st_stairs_10
D:4:      grunt_temple_overflow_forces_of_nature

Skill      XL: |  1  2  3  4  5  6 |
---------------+-------------------+-----
Stealth        | 1 2 3 |  3.8
Spellcasting   | 3 4 |  4.2
Unarmed Combat | 4 |  4.2
Transmutations | 3 |  3.3
Fighting       | |  1.0
Dodging        | |  2.0

Action                   |  1- 3 |  4- 6 || total
-------------------------+-------+-------++-------
Melee: Unarmed           |    68 |   183 ||   251
       Constrict         |    16 |    34 ||    50
       Tentacles         |    10 |    29 ||    39
       Punch             |     2 |    10 ||    12
Throw: Stone             |     1 |     9 ||    10
 Cast: Spider Form       |       |     2 ||     2
  Use: Scroll            |     4 |     3 ||     7
       Potion            |       |     5 ||     5
 Stab: Sleeping          |     7 |     3 ||    10
  Eat: Chunk             |     3 |     8 ||    11
Armor: Skin              |     6 |    16 ||    22
Dodge: Dodged            |    47 |    69 ||   116
